Map: Lightshade LE

Players

A.I. 1 (Very Easy)

  • Race: Terran Terran

Bee - Winner!

  • Race: Zerg Zerg
  • League: Master

VOD

Have the link to the VOD?

Description

Initial macro optimization test from Winter's Learn Zerg Easy Beginner guide (2020). Late game is incomplete in testing, and not enough safety is made, but it will suffice as a general framework for the build optimization

Time

  • Played on: April 28, 2021, 10:56 p.m.
  • Length: 10:17
Show
View Real Time Build Order
Export as new Build Order

A.I. 1 (Very Easy) Terran 

Build Orders: Reaper Expand 

Get SALT Encoding   

  12  0:00  SCV  
  13  0:13  SCV  
  14  0:18  Supply Depot  
  14  0:42  Barracks  
  14  1:03  Command Center  
  14  1:31  Orbital Command, Supply Depot, Marine  
  15  1:37  Refinery  
  15  1:48  Refinery  
  15  1:57  SCV  
  16  2:09  SCV  
  16  2:15  SCV  
  18  2:17  Reaper  
  18  2:22  SCV  
  20  2:29  SCV  
  21  2:36  SCV  
  22  2:43  SCV  
  23  2:50  SCV  
  24  2:58  SCV, Marine  
  25  3:05  SCV  
  27  3:06  Refinery  
  27  3:12  SCV  
  28  3:18  Factory  
  28  3:19  SCV  
  28  3:39  Refinery  
  28  3:40  Marine  
  29  3:42  SCV  
  30  3:49  SCV  
  31  3:56  SCV  
  31  4:00  Supply Depot  
  31  4:04  SCV  
  31  4:07  Starport  
  32  4:11  SCV  
  33  4:18  SCV  
  33  4:21  Reaper  
  35  4:25  SCV  
  36  4:33  SCV  
  37  4:40  SCV  
  37  4:43  Starport Tech Lab  
  38  4:47  SCV  
  38  4:51  Supply Depot  
  39  4:54  SCV  
  40  5:01  SCV  
  40  5:02  Raven  
  40  5:03  Marine  
  44  5:09  SCV  
  45  5:16  SCV  
  46  5:23  SCV  
  47  5:30  SCV  
  48  5:44  Marine  
  48  5:45  Raven  
  51  6:26  Barracks Tech Lab  
  51  6:44  Marauder  
  53  9:11  Reaper  
  45  9:18  SCV  
  45  9:20  Supply Depot  
  39  9:30  SCV  
  27  9:43  SCV  
  27  9:55  SCV  
Show
View Real Time Build Order
Export as new Build Order

Bee Zerg - Winner!

Build Orders: Hatch First, Roach Hydra 

Get SALT Encoding   

  12  0:00  Drone  
  13  0:12  Overlord  
  13  0:16  Drone  
  14  0:30  Drone x2  
  14  0:34  Drone  
  17  0:52  Hatchery  
  17  0:55  Drone  
  17  0:58  Extractor  
  17  1:01  Drone  
  17  1:15  Spawning Pool  
  16  1:18  Drone  
  16  1:22  Drone  
  18  1:28  Drone  
  19  1:38  Overlord  
  19  1:49  Drone  
  20  2:03  Queen x2  
  20  2:04  Zergling x2  
  20  2:05  Zergling x2  
  26  2:12  Metabolic Boost  
  26  2:15  Drone  
  27  2:18  Drone  
  27  2:22  Drone  
  29  2:25  Drone  
  30  2:32  Drone  
  30  2:36  Drone  
  32  2:43  Overlord  
  32  2:51  Roach Warren  
  32  2:54  Drone  
  32  2:55  Evolution Chamber, Drone  
  32  3:10  Hatchery  
  31  3:13  Drone  
  31  3:15  Drone  
  31  3:18  Drone  
  34  3:23  Drone x2  
  34  3:26  Drone  
  37  3:27  Drone  
  37  3:31  Drone  
  39  3:36  Queen  
  39  3:38  Drone  
  42  3:46  Roach  
  42  3:47  Overlord  
  44  3:51  Lair  
  44  3:55  Spore Crawler  
  43  3:58  Spore Crawler  
  43  3:59  Drone  
  43  4:01  Drone  
  44  4:07  Extractor x2, Drone x2  
  44  4:08  Drone  
  46  4:10  Drone  
  46  4:21  Zerg Missile Weapons Level 1  
  46  4:23  Extractor, Drone  
  48  4:24  Drone x4  
  48  4:30  Drone x2  
  53  4:31  Drone  
  53  4:32  Drone  
  53  4:33  Drone  
  53  4:36  Overlord  
  55  4:46  Drone  
  55  4:50  Hydralisk Den  
  55  4:51  Drone x2  
  55  4:52  Infestation Pit, Drone x2  
  58  4:57  Spore Crawler  
  57  5:02  Overlord  
  57  5:03  Drone x3  
  60  5:13  Queen  
  63  5:14  Drone x4  
  63  5:17  Overlord  
  63  5:20  Grooved Spines  
  66  5:21  Drone  
  66  5:22  Drone  
  68  5:29  Drone  
  68  5:32  Roach  
  68  5:33  Evolution Chamber  
  68  5:34  Drone x2  
  72  5:36  Drone  
  72  5:38  Drone  
  72  5:41  Roach  
  72  5:42  Roach  
  78  5:43  Glial Reconstitution  
  78  5:46  Hydralisk  
  80  5:51  Overlord  
  80  5:54  Overlord  
  80  5:58  Extractor  
  80  6:01  Extractor, Drone x2  
  80  6:02  Drone x2  
  82  6:10  Drone x2  
  84  6:12  Drone x3  
  87  6:19  Hatchery  
  87  6:20  Zerg Ground Armor Level 1, Zerg Missile Weapons Level 2, Hydralisk  
  87  6:23  Drone  
  89  6:27  Drone x4  
  89  6:32  Muscular Augments, Hive  
  93  6:35  Drone x2  
  93  6:37  Roach  
  97  6:41  Overlord  
  97  6:44  Overlord  
  97  6:46  Overlord  
  97  6:47  Overlord  
  97  6:53  Drone  
  98  7:00  Overlord x5  
  98  7:01  Roach  
  98  7:02  Roach  
  98  7:03  Drone x2  
  98  7:04  Drone  
  105  7:10  Drone  
  105  7:11  Drone x3  
  109  7:18  Hydralisk x3  
  115  7:24  Extractor  
  115  7:25  Extractor, Drone x4  
  117  7:30  Queen  
  117  7:32  Drone x3  
  117  7:34  Drone x3  
  117  7:35  Drone x3  
  128  7:44  Roach x4  
  128  7:49  Spore Crawler  
  135  7:52  Viper x3  
  135  7:54  Roach x4  
  152  8:02  Lurker Den  
  152  8:03  Hatchery  
  150  8:06  Hydralisk x4  
  150  8:09  Queen  
  160  8:23  Roach x7  
  160  8:24  Roach, Overlord x3  
  176  8:43  Roach x8  
  176  8:44  Roach  
  176  8:45  Hydralisk  
  176  8:46  Hydralisk  
  176  8:47  Spore Crawler  
  197  8:49  Roach  
  199  9:14  Spire  
  196  9:17  Spore Crawler  
  195  9:42  Hydralisk  
  195  9:43  Hydralisk  
Tags
 
Add a new tag
Caveats
  • Supply blocks, unpowered buildings, or Contaminate may cause inaccurate times.
  • Supply counts are checked every 10 seconds.